Cogmind - Beta 16 @@@ ROGUE MODE // 2025.10.24 @ 10:34:13 Player: Rocko1345 Result: Destroyed by H-66 Slayer with Gauss Rifle Performance ------------- Evolutions (5) 2500 Regions Visited (5) 1000 Robots Destroyed (14) 70 Value Destroyed (617) 617 Prototype IDs (0) 0 Alien Tech Used (0) 0 Bonus (800) 800 TOTAL SCORE: 4987 Bonus ------- Registered with UFD 300 Met Optimus in HQ 500 Cogmind --------- Core Integrity 0/1000 Matter 246/300 Energy 95/100 System Corruption 1% Temperature Cool (0) Movement Core (400) Ox7 Location -5/Extension Parts ------- > --- POWER (2) -------- (None) > --- PROPULSION (4) --- (None) > --- UTILITY (7) ------ Large Storage Unit > --- WEAPON (4) ------- Heavy Pick > --- INVENTORY (15) --- Component Analysis Suite Mining Laser CPS Tube (2) Scrap Shield Fragment (49) DRS Beacon (Ready) Peak State ------------ > --- POWER ------------ Light Deuterium Engine Light Fission Core > --- PROPULSION ------- Armored Huge Wheel > --- UTILITY ---------- Scrap Suit Improved Heat Sink Advanced Heat Sink Large Storage Unit Advanced Sensor Array > --- WEAPON ----------- Subdweller Machine Gun Overtuned Barrage Gun Overtuned Barrage Gun > --- INVENTORY -------- Overtuned Treads Component Analysis Suite Mining Laser CPS Tube Ripteeth Heavy Pick Scrap Shield Fragment DRS Beacon [Rating: 48] Favorites ----------- Power Light Ion Engine Engine Light Ion Engine Power Core Light Fission Core Propulsion Aluminum Leg Treads Overtuned Treads Leg Aluminum Leg Wheel Armored Huge Wheel Utility Improved Heat Sink Device Improved Heat Sink Storage Small Storage Unit Weapon Shotgun Energy Gun EM Pulse Gun Ballistic Gun Shotgun Slashing Weapon Ripteeth Piercing Weapon Heavy Pick Build | -11 -10 -10 -7 -5 -5 ------- Run | Yrd Mat Sub Scr Fac Ext Slots Evolved 10 | . . . . 10 . Power 1 | . . . . 1 . Propulsion 2 | . . . . 2 . Utility 5 | . . . . 5 . Weapon 2 | . . . . 2 . Parts Attached 29 | 7 3 2 6 3 8 Power 7 | 2 . 1 1 . 3 Engine 5 | 2 . 1 1 . 1 Core 2 | . . . . . 2 Reactor . | . . . . . . Propulsion 5 | 2 . . 1 . 2 Treads 2 | . . . . . 2 Leg 2 | 2 . . . . . Wheel 1 | . . . 1 . . Hover . | . . . . . . Flight . | . . . . . . Utility 8 | 1 1 . 2 3 1 Device 5 | . 1 . . 3 1 Storage 3 | 1 . . 2 . . Processor . | . . . . . . Hackware . | . . . . . . Protection . | . . . . . . Artifact . | . . . . . . Weapon 9 | 2 2 1 2 . 2 Energy Gun 1 | 1 . . . . . Energy Cannon . | . . . . . . Ballistic Gun 6 | 1 2 1 2 . . Ballistic Cannon . | . . . . . . Launcher . | . . . . . . Special Weapon . | . . . . . . Impact Weapon . | . . . . . . Slashing Weapon 1 | . . . . . 1 Piercing Weapon 1 | . . . . . 1 Special Melee Weapon . | . . . . . . Unidentified Prototypes . | . . . . . . Parts Lost 20 | . . 2 1 1 16 Power 6 | . . 1 1 . 4 Propulsion 3 | . . . . . 3 Utility 5 | . . . . . 5 Weapon 6 | . . 1 . 1 4 Highest Loss Streak 9 | . . 2 1 1 9 To Critical Strikes . | . . . . . . Average Backups 5 | . 2 5 6 6 4 Power . | . . . . . . Propulsion . | . . . . 1 . Utility . | . . 1 1 1 1 Weapon 3 | . 2 4 4 3 2 Tool/Special . | . . . . . . Unused Backups 5 | . . . 2 . 3 Power . | . . . . . . Propulsion . | . . . . . . Utility 2 | . . . 1 . 1 Weapon 2 | . . . 1 . 1 Tool/Special 1 | . . . . . 1 Average Slot Usage (%) 70 | . 97 98 59 51 47 Engine 11 | . 14 12 13 5 3 Leg 11 | . 28 28 3 . . Wheel 6 | . . . 12 5 2 Device 13 | . 11 14 14 17 16 Storage 12 | . 14 14 14 5 5 Energy Gun 1 | . 5 . . . . Ballistic Gun 11 | . 22 27 . 16 8 Peak Build Rating 48 | 6 11 11 24 41 48 Average Rating 16 | 3 9 10 14 37 32 On Entrance 15 | . 6 11 11 24 41 Avg Prop Armor Cover (%) 13 | . . . . . 13 Naked Turns . | . . . . . . Heaviest Build 49 | 14 17 17 32 42 49 Greatest Support 41 | 20 20 20 28 28 41 Greatest Overweight (x) 12 | . . . 1 1 12 Average Overweight (x) . | . . . . 1 1 Largest Inventory Capacity 15 | 8 8 8 15 15 15 Average Capacity 10 | 7 8 8 10 15 15 Most Carried 14 | 2 5 7 14 12 9 Average Carried 6 | . 2 5 8 8 6 Final Capacity 15 | 8 8 8 15 15 15 Final Carried 12 | . 5 6 12 8 5 Scrap Suit Usage (%) 15 | . . . . 97 57 Class Distribution -------------------- 86% | Mutant 10% | Skirmisher Dominant Class ---------------- Mutant | -10/Materials Mutant | -10/Subcaves Mutant | -7/Scraptown Skirmisher | -5/Factory Mutant | -5/Extension Resources | -11 -10 -10 -7 -5 -5 ----------- Run | Yrd Mat Sub Scr Fac Ext Matter Collected 842 | 175 132 128 109 178 120 Remotely . | . . . . . . Salvage Created 747 | . 70 102 70 101 404 Parts 40 | . 7 5 4 5 19 Haulers Intercepted . | . . . . . . Recyclers Shooed . | . . . . . . Parts Field Recycled . | . . . . . . Retrieved Matter . | . . . . . . Parts Self-Destructed 5 | . . 5 . . . Prevented . | . . . . . . Parts Restored . | . . . . . . Kills | -11 -10 -10 -7 -5 -5 ------- Run | Yrd Mat Sub Scr Fac Ext Combat Hostiles Destroyed 13 | . 3 2 1 2 5 Melee 4 | . . . . . 4 Guns 9 | . 3 2 1 2 1 Classes Destroyed 9 | . 2 3 1 1 2 Watcher 1 | . 1 . . . . Swarmer 3 | . 3 . . . . Grunt 1 | . . 1 . . . Sentry 4 | . . . . . 4 Hunter 2 | . . . . 2 . Artisan 1 | . . 1 . . . Subdweller 1 | . . 1 . . . Scrapper 1 | . . . 1 . . Butcher 1 | . . . . . 1 Best Kill Streak 3 | . 3 1 1 1 2 Combat Bots Only 3 | . 3 1 1 1 2 Max Kills in Single Turn 1 | . 1 1 1 1 1 Gunslinging . | . . . . . . Exploded . | . . . . . . Melee 1 | . . . . . 1 Uniques/NPCs Destroyed . | . . . . . . Combat | -11 -10 -10 -7 -5 -5 -------- Run | Yrd Mat Sub Scr Fac Ext Hostile Shots Fired 224 | . 8 32 5 42 137 Missed 51 | . 3 6 1 12 29 Hits 173 | . 5 26 4 30 108 Projectile 173 | . 5 26 4 30 108 Critical Strikes 5 | . . . 1 . 4 Damage Taken 3410 | . 42 522 86 597 2163 Core 1110 | . . 93 . 102 915 Absorbed by Shields . | . . . . . . Core Remaining (%) 81 | 100 . . 62 . . Volleys Fired 58 | . 6 21 1 18 12 Largest 4 | . 2 2 2 4 3 Hottest 110 | . 60 53 60 110 90 Shots Fired 142 | . 12 39 2 62 27 Gun 142 | . 12 39 2 62 27 Cannon . | . . . . . . Launcher . | . . . . . . Special . | . . . . . . Kinetic 137 | . 7 39 2 62 27 Thermal . | . . . . . . Explosive . | . . . . . . Electromagnetic 5 | . 5 . . . . Robot Hit Streak 7 | . 5 6 2 3 7 Robot Miss Streak 7 | . 2 3 . 7 1 Penetration Max . | . . . . . . Secondary Targets 2 | . 1 . . 1 . Max Gunslinging Chain 1 | . 1 . . 1 . Shots Hit Robots 100 | . 5 32 2 25 36 Core Hits 35 | . 4 5 2 7 17 Critical Kills . | . . . . . . Critical Parts Destroyed 1 | . . . . 1 . Critical Strikes 2 | . . . . 1 1 Destroy 1 | . . . . 1 . Impale 1 | . . . . . 1 Melee Attacks 21 | . . . . . 21 Impact . | . . . . . . Slashing 3 | . . . . . 3 Piercing 18 | . . . . . 18 Sneak Attacks 1 | . . . . . 1 Combat Hostiles . | . . . . . . Follow-up Attacks . | . . . . . . Damage Inflicted 1555 | . 55 198 31 415 856 Guns 1120 | . 55 198 31 415 421 Cannons . | . . . . . . Explosions . | . . . . . . Melee 434 | . . . . . 434 Ramming 1 | . . . . . 1 Kinetic 1087 | . 22 198 31 415 421 Thermal . | . . . . . . Explosive . | . . . . . . Electromagnetic 33 | . 33 . . . . Impact . | . . . . . . Slashing 10 | . . . . . 10 Piercing 424 | . . . . . 424 Highest Corruption 1 | . . . . . 1 Average Corruption 1 | . . . . . 1 Corruption Purged . | . . . . . . Corruption Blocked . | . . . . . . Effects 2 | . . . . . 2 Message Errors 1 | . . . . . 1 Heat Flow Errors 1 | . . . . . 1 Overload Shots . | . . . . . . Overflow Damage . | . . . . . . Projectiles . | . . . . . . Explosions . | . . . . . . Melee . | . . . . . . Knockbacks . | . . . . . . Impact . | . . . . . . Kinetic . | . . . . . . Secondary . | . . . . . . Self-Inflicted Damage . | . . . . . . Shots . | . . . . . . Rammed 1 | . . . . . 1 Targets Rammed 1 | . . . . . 1 Kicked . | . . . . . . Crushed . | . . . . . . Highest Temperature 130 | . . . 3 28 130 Average Temperature 20 | . . . 3 15 47 Received Heat Transfer 496 | . . 63 73 . 360 Siege Activations . | . . . . . . Martial Activations . | . . . . . . Shielding Activations . | . . . . . . Robots Disrupted . | . . . . . . Combat Hostiles . | . . . . . . Robots Corrupted . | . . . . . . Combat Hostiles . | . . . . . . Parts Fried . | . . . . . . Impact Corruptions . | . . . . . . Robots Melted . | . . . . . . Combat Hostiles . | . . . . . . Parts Melted . | . . . . . . Heat Transferred . | . . . . . . Parts Sabotaged . | . . . . . . Parts Stolen . | . . . . . . Parts Stripped . | . . . . . . Power Chain Reactions . | . . . . . . Alert | -11 -10 -10 -7 -5 -5 ------- Run | Yrd Mat Sub Scr Fac Ext Maximum Alert Level . | . . . . . . Low Security (%) 100 | 100 100 . . 100 100 Level 1 . | . . . . . . Level 2 . | . . . . . . Level 3 . | . . . . . . Level 4 . | . . . . . . Level 5 . | . . . . . . High Security . | . . . . . . Max Security . | . . . . . . Peak Influence 60 | . 60 . . 30 35 Initial 4 | . . . . . 4 Average 5 | . 5 . . 5 9 Influence Increases 309 | . 77 20 . 87 125 Destroy 0b10 Robot/C 220 | . 60 20 . 40 100 Destroy 0b10 Robot/NC 5 | . 5 . . . . Destroy Leader 32 | . 12 . . 10 10 Successful Hack 5 | . . . . 5 . Select Force Hacks 30 | . . . . 30 . Disable Machine 15 | . . . . . 15 Destroy Structure 2 | . . . . 2 . Influence Decreases 309 | . 77 10 10 77 135 Entered New Map 16 | . . . 10 . 6 Time Decay 238 | . 77 10 . 67 84 Lost Part 55 | . . . . 10 45 Squads Dispatched 3 | . . . . 2 1 Investigation 2 | . . . . 1 1 Extermination . | . . . . . . Reinforcement 1 | . . . . 1 . Assault . | . . . . . . Garrison . | . . . . . . Intercept . | . . . . . . Searches Triggered . | . . . . . . Construction Impeded . | . . . . . . Haulers Reinforced . | . . . . . . Active Scanning Responses . | . . . . . . Cargo Convoy Interrupts . | . . . . . . Stealth | -11 -10 -10 -7 -5 -5 --------- Run | Yrd Mat Sub Scr Fac Ext Distress Signals 1 | . 1 . . . . Communications Jammed . | . . . . . . Distress Signals . | . . . . . . Times Spotted 32 | . 8 3 11 4 6 Peak Tracking Total 3 | . 3 2 3 2 3 Tactical Retreats . | . . . . . . Traps | -11 -10 -10 -7 -5 -5 ------- Run | Yrd Mat Sub Scr Fac Ext Traps Triggered 1 | . . . . 1 . Indirectly . | . . . . . . Trap Hack Attempts . | . . . . . . Triggered . | . . . . . . Disarmed . | . . . . . . Reprogrammed . | . . . . . . Reused . | . . . . . . Traps Extracted . | . . . . . . Installed . | . . . . . . Triggered . | . . . . . . Machines | -11 -10 -10 -7 -5 -5 ---------- Run | Yrd Mat Sub Scr Fac Ext Machines Disabled 1 | . . . . . 1 Max in Single Turn 1 | . . . . . 1 Machines Repaired . | . . . . . . Machines Dismantled . | . . . . . . Machines Sabotaged . | . . . . . . Overloaded Fab Kills . | . . . . . . Hacking | -11 -10 -10 -7 -5 -5 --------- Run | Yrd Mat Sub Scr Fac Ext Machines Accessed 12 | . . . 8 2 2 Terminals 3 | . . . . 1 2 Fabricators . | . . . . . . Repair Stations . | . . . . . . Recycling Units 1 | . . . . 1 . Scanalyzers . | . . . . . . Garrison Access . | . . . . . . Total Hacks 44 | . . . 36 5 3 Successful 39 | . . . 36 3 . Failed 5 | . . . . 2 3 Catastrophic 3 | . . . . 1 2 Database Lockouts . | . . . . . . Manual 6 | . . . . 6 . Terminals 6 | . . . . 3 3 Fabricators . | . . . . . . Repair Stations . | . . . . . . Recycling Units 2 | . . . . 2 . Scanalyzers . | . . . . . . Garrison Access . | . . . . . . Terminal Hacks 36 | . . . 36 . . Record 29 | . . . 29 . . Robot Analysis 7 | . . . 7 . . Fabricator Hacks . | . . . . . . Repair Station Hacks . | . . . . . . Recycling Unit Hacks . | . . . . . . Scanalyzer . | . . . . . . Garrison Access Hacks . | . . . . . . Unauthorized Hacks 2 | . . . . 2 . Terminals 1 | . . . . 1 . Botnet 1 | . . . . 1 . Fabricators . | . . . . . . Repair Stations . | . . . . . . Recycling Units 1 | . . . . 1 . Tunnel 1 | . . . . 1 . Scanalyzers . | . . . . . . Garrison Access . | . . . . . . Data Cores Recovered . | . . . . . . Used . | . . . . . . Hacking Detections 3 | . . . . 1 2 Full Trace Events 1 | . . . . . 1 Feedback Events 1 | . . . . . 1 Corruption 1 | . . . . . 1 Feedback Blocked . | . . . . . . Robot Schematics Acquired . | . . . . . . Robots Built . | . . . . . . Authchips . | . . . . . . Time . | . . . . . . Total Robot Build Rating . | . . . . . . Part Schematics Acquired . | . . . . . . Parts Built . | . . . . . . Authchips . | . . . . . . Time . | . . . . . . Total Part Build Rating . | . . . . . . Part Studies Acquired . | . . . . . . Parts Repaired . | . . . . . . Time . | . . . . . . Parts Recycled . | . . . . . . Recycled Matter . | . . . . . . Retrieved Matter . | . . . . . . Retrieved Components . | . . . . . . Parts Scanalyzed . | . . . . . . Part Schematics Acquired . | . . . . . . Parts Damaged . | . . . . . . Bothacking | -11 -10 -10 -7 -5 -5 ------------ Run | Yrd Mat Sub Scr Fac Ext Used RIF Installer . | . . . . . . Robots Hacked . | . . . . . . Non-combat . | . . . . . . Combat . | . . . . . . Robot Hacks Applied . | . . . . . . Relay Couplers Released . | . . . . . . Fabnet Peak Effective % . | . . . . . . Robots Rewired . | . . . . . . Allies Hacked . | . . . . . . Hacks Repelled . | . . . . . . Allies | -11 -10 -10 -7 -5 -5 -------- Run | Yrd Mat Sub Scr Fac Ext Total Allies . | . . . . . . Largest Group . | . . . . . . Highest-Rated Group . | . . . . . . Highest-Rated Ally . | . . . . . . Total Orders . | . . . . . . Ally Attacks . | . . . . . . Total Damage . | . . . . . . Kills . | . . . . . . Allies Corrupted . | . . . . . . Allies Melted 1 | . . . 1 . . Intel | -11 -10 -10 -7 -5 -5 ------- Run | Yrd Mat Sub Scr Fac Ext Active Infowar (turns) 607 | . . . . 314 293 Sensors 607 | . . . . 314 293 Terrain 151 | . . . . 78 73 Robot Analysis Total 7 | . . . 7 . . Derelict Logs Recovered . | . . . . . . Drone Launches . | . . . . . . Drone Recoveries . | . . . . . . Exploration | -11 -10 -10 -7 -5 -5 ------------- Run | Yrd Mat Sub Scr Fac Ext Turns Passed 3281 | 71 831 295 1438 344 302 Spaces Moved 2514 | 57 508 191 1382 252 124 Core 18 | 16 . . . . 2 Treads 23 | . . . . . 23 Legs 867 | 41 508 191 127 . . Wheels 1606 | . . . 1255 252 99 Hover . | . . . . . . Flight . | . . . . . . Fastest Speed 50 | 50 120 120 100 115 115 Average Speed 110 | 100 120 120 102 115 142 Slowest Speed 650 | 120 120 120 120 115 650 Overloaded Moves . | . . . . . . Propulsion Burnouts . | . . . . . . Robots Hopped . | . . . . . . Potential Cave-ins . | . . . . . . Cave-ins Triggered . | . . . . . . Exploration Rate (%) 27 | 4 63 11 71 6 12 Regions Visited 5 Branch Regions 3 Pre-discovered Areas 1 | . . . . 1 . Known Exits Taken . | . . . . . . Unknown Exits Taken 5 | 1 1 1 1 1 . Scrap Searched 2 | . . . 2 . . Spaces Dug . | . . . . . . Terrain Destroyed 1 | . . . . 1 . Melee . | . . . . . . Projectile 1 | . . . . 1 . AOE . | . . . . . . Terrain Rammed . | . . . . . . Walls Destroyed . | . . . . . . Machines Disabled . | . . . . . . Actions | -11 -10 -10 -7 -5 -5 --------- Run | Yrd Mat Sub Scr Fac Ext Total 2896 | 71 716 218 1413 281 197 Wait 227 | . 194 2 2 3 26 Move 2509 | 56 507 190 1381 251 124 Hop . | . . . . . . Pick Up 37 | 7 6 3 13 3 5 Fast Attach . | . . . . . . Attach 27 | 6 1 2 4 6 8 Detach 2 | . . . 2 . . Swap 5 | 1 2 . 2 . . Drop 9 | 1 . . 8 . . Fire 58 | . 6 21 1 18 12 Melee 21 | . . . . . 21 Ram 1 | . . . . . 1 Kick . | . . . . . . Crush . | . . . . . . Escape Stasis . | . . . . . . Rewire . | . . . . . . Trap . | . . . . . . Miscellaneous . | . . . . . . Route ------- -11/Scrapyard -10/Materials (discovered 3 exits: [*Mat] / [*Min] / [*Sub]) -10/Subcaves -7/Scraptown -5/Factory -5/Extension History --------- Turn | Location | Event 7 | -11/Scrapyard | Discovered new exit (range 16) 72 | -11/Scrapyard | Entered Materials 73 | -10/Materials | Met a group of wandering Federalists 111 | -10/Materials | Discovered new exit (range 15) 309 | -10/Materials | Build established: Mutant 408 | -10/Materials | Discovered new exit (range 11) 888 | -10/Materials | Discovered new exit (range 8) 903 | -10/Materials | Entered Subcaves 904 | -10/Subcaves | Continued accompanying wandering Federalists (3) 960 | -10/Subcaves | Ambushed by angry Subdweller bent on revenge 1159 | -10/Subcaves | Wandering Federalist uncovered a shortcut to Scraptown 1198 | -10/Subcaves | Entered Scraptown 1484 | -7/Scraptown | Visited Awakened 1530 | -7/Scraptown | Visited Spacefarers 1587 | -7/Scraptown | Visited Cave Peace 1681 | -7/Scraptown | Visited Cyclists 1750 | -7/Scraptown | Visited UFD Registry 1754 | -7/Scraptown | Registered with UFD as "Thermoforce" 1801 | -7/Scraptown | Entered Cyclist Reading Room 1896 | -7/Scraptown | Visited Scrap Suit Storage 1958 | -7/Scraptown | Visited Derelict Rescue Squad 1972 | -7/Scraptown | Found DRS Beacon 2300 | -7/Scraptown | Visited Analyses Database 2345 | -7/Scraptown | Met Optimus 2345 | -7/Scraptown | Accepted into 0bPrime 2395 | -7/Scraptown | Visited Modified Component R&D 2424 | -7/Scraptown | Civil war broke out across Scraptown 2514 | -7/Scraptown | Found Scrap Suit 2542 | -7/Scraptown | Lost 3 allies 2592 | -7/Scraptown | Discovered new exit (range 12) 2608 | -7/Scraptown | Lost 5 allies 2624 | -7/Scraptown | Optimus destroyed in the chaos of civil war 2636 | -7/Scraptown | Entered Factory 2636 | -5/Factory | Evolved 10 slots: Power x1, Propulsion x2, Utility x5, Weapon x2 2931 | -5/Factory | Discovered new exit (range 15) 2980 | -5/Factory | Entered Extension 3156 | -5/Extension | Core integrity fell below 50% 3189 | -5/Extension | Lost 9 parts (2p1n2u4w) 3251 | -5/Extension | Core integrity fell below 20% 3282 | -5/Extension | Destroyed by H-66 Slayer with Gauss Rifle Last Messages --------------- 03255_ Sneak attack on PS-58Z(l). 03255_ PS-58Z(l) destroyed. 03256_ Slug penetrates Wall. 03257_ Penetrated by Slug. 03260_ Slug penetrates Wall. 03260_ Penetrated by Slug. 03263_ Slug penetrates Wall. 03263_ Penetrated by Slug. 03266_ Slug penetrates Wall. 03266_ Ovr. Treads destroyed. 03269_ Slug penetrates Wall. 03269_ Penetrated by Slug. 03272_ Slug penetrates Wall. 03273_ Penetrated by Slug. 03273_ Imp. Treads destroyed. 03273_ Adv. Sensor Array destroyed. 03276_ Wall collapses. 03276_ Penetrated by Slug. 03276_ Neutrino Core destroyed. 03276_ Penetrated by Slug. Map ----- +----------------------------------------------------+ | | | | | | | | | | | | | | | | | | | | | | | | | | | | | ?????????????????????????????????????????????????? | | ?????????????????????????????????????????????????? | | ?????????????????????????????????????????????????? | | ??????#????#?????????????????????????????????????? | | ????????#????????????????????????????????????????? | | ????#########????????????????????????????????????? | | ????# #????????????????????????????????????? | | ????##%! #????????????????????????????????????? | | ?????#* ! =#????????????????????????????????????? | | ???###** #?????#######+######?????????????????? | | ?????#*! #?????#!%% h ??????????????????? | | ?????# #?????#= ###@;###???????????????????? | | #########+#########[ =#[ h #???????????????????? | | ! =+ = #???????????????????? | | ########## ############= %g #???????????????????? | | #???????#T #????### #?# /g #???????????????????? | | #???????##"#??????# #?# =b #???????????????????? | | ??????????????????# #?# / #???????????????????? | | ??????????????????# #?########???????????????????? | | ??????????????????###????????????????????????????? | | #???????????????#????????????????????????????????? | | ???#??????????????????#??????????????????????????? | | ?????????????????????????????????????????????????? | | #????????????????????????????????????????????????? | | ??????????#????????#?????????????????????????????? | | ?????????????????????????????????????????????????? | | ????????????#????????????????????????????????????? | | ?????????????????????????????????????????????????? | | ???#?????????????????????????????????????????????? | | ?????????????????????????????????????????????????? | | ?????????????????????????????????????????????????? | | ?????????????????????????????????????????????????? | | ???#?????????????????????????????????????????????? | | ?#???????????????????????????????????????????????? | | ?????????????????????????????????????????????????? | | ?????????????????????????????????????????????????? | +----------------------------------------------------+ Best States ------------- Heat Dissipation 73 Energy Generation 27 Energy Capacity 340 Matter Stores 300 Matter Capacity 300 Sight Range 16 Robot Scan Range 16 Terrain Scan Range 16 Terrain Scan Density 10 Evasion (%) 55 Recoil Reduction 2 Item Schematics ----------------- None Robot Schematics ------------------ None Fabricated ------------ Nothing Repaired ---------- Nothing Studied --------- None Alien Tech Used ----------------- None Achievements -------------- Art Critic Bob, First Of His Name Civilization 2243 Link The Feds Strength In Numbers Uncivil War Challenges ------------ None Game ------ Seed WarlordActivePod Manual? 0 Play Time 00:42:21 Cumulative 194.1 hours Start 2025.10.24 @ 02:37:04 End 2025.10.24 @ 10:34:13 Sessions 3 Manual Loads 0 Difficulty Rogue Special Mode None Game No. 228 Rogue 54 Adventurer 174 Explorer 0 Win Type - Total 1 Types 1/0/0/0/0/0/0/0/0/0 Lore% 42 Gallery% 56 Achievement% 31 Wizard Run 0 Options --------- Layout 0 ASCII 0 Keyboard 1 Movement Numpad Keybinds 0 Fullscreen 1 Font 18/Terminus Map View 76x50 Zoom Use 0% Tactical HUD 1 Map Filters NONE Filters NONE Steam 1 RUN: e296a561-c6b9-4dbf-b2de-d37adb1ba72a